 Dungeon Crawl Stone Soup version 0.25-a0-474-ga8a2ee3166 (webtiles) character file.

Game seed: 14947237495737282294, levelgen mode: deterministic

1094 masterofn0ne the Poker (level 8, -1/54 HPs)
             Began as an Octopode Fighter on Feb 8, 2020.
             Slain by an orc wizard
             ... wielding a +0 dagger
              (6 damage)
             ... on level 6 of the Dungeon.
             The game lasted 00:12:52 (6926 turns).

masterofn0ne the Poker (Octopode Fighter)           Turns: 6926, Time: 00:12:54

Health: -1/54      AC:  1    Str: 17    XL:     8   Next: 31%
Magic:  17/17      EV: 12    Int: 14    God:
Gold:   315        SH: 11    Dex: 11    Spells: 7/7 levels left

rFire    . . .     SeeInvis .   a - +1 trident
rCold    . . .     Gourm    .   b - +1 shield
rNeg     . . .     Faith    .   (helmet restricted)
rPois    .         Spirit   .   (no amulet)
rElec    .         Reflect  .   s - +3 ring of intelligence
rCorr    .         Harm     .   z - ring of magical power
MR       .....                  (no ring)
Stlth    ++........             (no ring)
HPRegen  0.18/turn              (no ring)
MPRegen  0.15/turn              (no ring)
                                (no ring)
                                (no ring)

@: no status effects
A: almost no armour, stealthy swim, amphibious, 8 rings, constrict 8, camouflage
1, gelatinous body 1
a: no special abilities


You were on level 6 of the Dungeon.
You were hungry.

You visited 1 branch of the dungeon, and saw 6 of its levels.

You collected 315 gold pieces.

Inventory:

Hand Weapons
 a - a +1 trident (weapon)
 u - a +0 dagger of holy wrath
Missiles
 q - 26 poisoned darts (quivered)
Armour
 b - a +1 shield (worn)
Jewellery
 s - a +3 ring of intelligence (left tentacle)
 y - an uncursed ring of ice
 z - a ring of magical power (right tentacle)
Wands
 C - a wand of enslavement (6)
Scrolls
 f - 2 scrolls of identify
 g - a scroll of magic mapping
 j - 3 scrolls of teleportation
 k - a scroll of noise
 l - a scroll of remove curse
 m - a scroll of enchant armour
 r - 2 scrolls of enchant weapon
Potions
 c - 4 potions of might
 e - 2 potions of heal wounds
 h - 6 potions of flight
 i - 3 potions of haste
 n - a potion of brilliance {unknown}
 v - a potion of ambrosia
 w - a potion of lignification
 x - a potion of degeneration
 A - 3 potions of curing
Comestibles
 d - 6 rations


   Skills:
 * Level 4.8 Fighting
 + Level 7.1 Polearms
 - Level 3.0 Dodging
 - Level 6.2 Shields


You had 7 spell levels left.
You didn't know any spells.
Your spell library was empty.

Dungeon Overview and Level Annotations

Branches:
Dungeon (6/15)             Temple (0/1) D:6

Altars:
Ashenzari
Cheibriados
Makhleb
Ru
Sif Muna
Trog
Vehumet
Xom

Annotations:
D:5 1 runed translucent door, Tali's ghost, novice DsBe


Innate Abilities, Weirdness & Mutations

You cannot wear most types of armour.
You are very stealthy in the water. (Stealth+)
You are amphibious.
You can wear up to eight rings at the same time.
You can use your tentacles to constrict eight enemies at once.
Your skin changes colour to match your surroundings (Stealth+).
Your rubbery body absorbs attacks. (AC +1, EV +1)


Message History

Something hits you but does no damage.
You closely miss the orc. Your grab misses the orc.
The giant cockroach bites you. You block the orc's attack. Something hits you.
* * * LOW HITPOINT WARNING * * *
You block the giant cockroach's attack.
You barely miss something. The orc barely misses you. Something hits you.
* * * LOW HITPOINT WARNING * * *
The giant cockroach barely misses you.
You miss something. You squeeze something. You block the orc's attack.
Something hits you.
* * * LOW HITPOINT WARNING * * *
You block the giant cockroach's attack. The orc hits you.
* * * LOW HITPOINT WARNING * * *
You closely miss something. Your squeeze misses something.
Something hits you but does no damage.
The giant cockroach bites you but does no damage.
The orc hits you.
* * * LOW HITPOINT WARNING * * *
Something hits you.
You die...

****#.#**** *,,,*
#,,,...,,,* *,_,*
#.###.#**,***,,,* #.#.#.#
*,,**,,,* *
#.....##*,,**,,,******
**###......,+<,#*,,,**+,,,
*,........###..#**+***,***
*,**#...o.s....#,,,,,*,* *
*,* ##.##@####..s,,,,,,*
*,* #*,*#{# ***,,,,,***
*,###..##[# ***+***
*,........# *,,,*
**###.##### *,,,* *,*
*,,,* *,* ****,,,******
*,********,**,_,**,>,,
*,,,,,,,,,,**,,,******


You could see an orc and a giant cockroach.

Vanquished Creatures
  A sky beast (D:5)
  2 ogres (D:5)
  A centaur (D:5)
  2 bullfrogs (D:3)
  2 howler monkeys
  3 orc priests
  A centaur skeleton (D:5)
  2 orc wizards (D:3)
  4 worker ants
  4 gnolls (D:4)
  10 adders
  2 oozes
  An adder zombie (D:5)
  An adder skeleton (D:4)
  2 worms
  2 dart slugs
  16 orcs
  9 bats
  3 giant cockroaches
  13 goblins
  16 hobgoblins
  16 jackals
  3 quokkas
  A ball python (D:5)
  3 frilled lizards
  A jackal skeleton (D:4)
  3 kobolds
  6 rats
130 creatures vanquished.

Notes
Turn   | Place    | Note
-------+----------+-------------------------------------------
     0 | D:1      | masterofn0ne the Octopode Fighter began the quest for the
                  | Orb.
     0 | D:1      | Reached XP level 1. HP: 16/16 MP: 1/1
   129 | D:1      | Reached XP level 2. HP: 21/21 MP: 2/2
   202 | D:1      | Reached skill level 3 in Polearms
   449 | D:1      | Reached XP level 3. HP: 26/26 MP: 3/3
  1163 | D:2      | Found a shattered altar of Ashenzari.
  1189 | D:2      | Reached skill level 4 in Polearms
  1354 | D:2      | Reached XP level 4. HP: 25/31 MP: 4/4
  1785 | D:2      | Found a radiant altar of Vehumet.
  2231 | D:2      | Reached skill level 5 in Polearms
  2233 | D:2      | Reached XP level 5. HP: 30/36 MP: 5/5
  2258 | D:2      | Found a shimmering altar of Xom.
  2258 | D:2      | Found a burning altar of Makhleb.
  2798 | D:3      | Reached XP level 6. HP: 19/42 MP: 6/6
  3201 | D:3      | Reached skill level 5 in Shields
  3894 | D:3      | Found a sacrificial altar of Ru.
  4525 | D:4      | Found a shattered altar of Ashenzari.
  4557 | D:4      | Found a shimmering blue altar of Sif Muna.
  4586 | D:4      | Reached XP level 7. HP: 46/46 MP: 7/7
  4768 | D:4      | Found a bloodstained altar of Trog.
  4815 | D:4      | Found a snail-covered altar of Cheibriados.
  5507 | D:5      | Entered Level 5 of the Dungeon
  5836 | D:5      | Reached skill level 6 in Polearms
  6071 | D:5      | Reached XP level 8. HP: 8/54 MP: 8/8
  6869 | D:5      | Found a runed translucent door.
  6869 | D:5      | Noticed Tali's ghost (novice DsBe)
  6901 | D:6      | Reached skill level 7 in Polearms
  6926 | D:6      | Slain by an orc wizard

Levels and vault maps discovered:
D:1:      wander_arrival_fairy_ring, layout_basic
D:2:      minmay_door_path, layout_loops_ring, gammafunk_temple_overflow_pools,
          fiery_altar_vehumet, evilmike_ruin_ashenzari
D:3:      layout_basic, nicolae_ru_the_path_less_chosen
D:4:      layout_gridville, lemuel_round_altar, kennysheep_little_box,
          lemuel_blue_sif_altar, first_ration, minmay_misc_feat_secret_circle,
          minmay_misc_feat_square, trog_book
D:5:      layout_basic, gammafunk_ghost_grave
D:6:      layout_loops_corners, grunt_temple_overflow_holy_war,
          minmay_temple_entry_statues_fountains

Skill      XL: |  1  2  3  4  5  6  7  8 |
---------------+-------------------------+-----
Polearms       | 3 4 5 6 7 |  7.1
Shields        | 5 6 |  6.2
Fighting       | 4 |  4.8
Dodging        | |  3.0

Action                   |  1- 3 |  4- 6 |  7- 9 || total
-------------------------+-------+-------+-------++-------
Melee: Trident           |    67 |   171 |   124 ||   362
       Constrict         |    13 |    29 |    13 ||    55
       Tentacles         |    14 |    26 |    21 ||    61
Throw: Dart              |       |       |    10 ||    10
  Use: Potion            |       |     4 |       ||     4
       Scroll            |       |       |    13 ||    13
 Stab: Sleeping          |    11 |     9 |     3 ||    23
  Eat: Chunk             |     1 |     8 |     6 ||    15
       Ration            |       |     1 |       ||     1
Armor: Skin              |     3 |     5 |     4 ||    12
Dodge: Dodged            |    16 |    67 |    47 ||   130
Block: Shield            |    21 |    59 |    35 ||   115

Table legend:
 A = Non-vault XP
 B = Vault XP
 C = Vault XP percentage of total XP
 D = Non-vault monster count
 E = Vault monster count
 F = Vault count percentage of total count
                 A         B        C        D         E       F
            +---------+---------+-------+---------+---------+-------
      Total |    1563 |       1 |   0.1 |     129 |       1 |   0.8
            +---------+---------+-------+---------+---------+-------
        D:1 |      49 |       0 |   0.0 |      25 |       0 |   0.0
        D:2 |     118 |       1 |   0.8 |      24 |       1 |   4.0
        D:3 |     405 |       0 |   0.0 |      39 |       0 |   0.0
        D:4 |     173 |       0 |   0.0 |      17 |       0 |   0.0
        D:5 |     723 |       0 |   0.0 |      20 |       0 |   0.0
        D:6 |      95 |       0 |   0.0 |       4 |       0 |   0.0
            +---------+---------+-------+---------+---------+-------
